General information
- name: grudge11
- type: Ladder 1vs1/FFA
- host: BEAR_AND
- saver: BEAR_AND
map: EchoIcicles
- players: 4
- length: 08:25
- speed: Fast
- version: 1.21 W3XP
- replay type:

» download(32 KB)
Players
team 1 (winner)

»
WWGT]Dagda (
blue | 154 APM | 1293 actions | 08:25)
2 Death Knight
1 Death Coil
1 Unholy Aura
2 Lich
1 Frost Nova
1 Dark Ritual
» actions
| Assign group hotkey | 491 | |
| Basic commands | 8 | |
| Build / train | 36 | |
| ESC pressed | 1 | |
| Enter build submenu | 9 | |
| Enter hero's abilities submenu | 4 | |
| Give item / drop item | 1 | |
| Right click | 420 | |
| Select / deselect | 114 | |
| Select group hotkey | 147 | |
| Use ability | 60 | |
1293 total
» units
| Acolyte | 3 | |
| Ghoul | 6 | |
| Crypt Fiend | 3 | |
12 total
» buildings
| Crypt | 1 | |
| Altar of Darkness | 1 | |
| Ziggurat | 3 | |
| Tomb of Relics | 2 | |
| Halls of the Dead | 1 | |
| Nerubian Tower | 1 | |
| Graveyard | 1 | |
| Black Citadel | 2 | |
| Spirit Tower | 3 | |
| Slaughterhouse | 1 | |
16 total
» build order
00:06 Crypt
00:10 Altar of Darkness
00:33 Ziggurat
00:59 Tomb of Relics
01:02 Tomb of Relics
01:35 Ziggurat
02:45 Halls of the Dead
03:05 Nerubian Tower
03:38 Graveyard
04:44 Ziggurat
05:07 Black Citadel
05:19 Spirit Tower
05:20 Spirit Tower
05:53 Black Citadel
07:49 Slaughterhouse
» items
| Rod of Necromancy | 5 | |
| Potion of Healing | 1 | |
| Scroll of Town Portal | 1 | |
7 total
team 2 (loser)

»
WWGT]ShakaZahn (
light-blue | 120 APM | 1011 actions | 08:23)
3 Lich
2 Frost Nova
1 Frost Armor
» actions
| Assign group hotkey | 13 | |
| Basic commands | 15 | |
| Build / train | 30 | |
| ESC pressed | 1 | |
| Enter build submenu | 9 | |
| Enter hero's abilities submenu | 3 | |
| Right click | 526 | |
| Select / deselect | 92 | |
| Select group hotkey | 306 | |
| Use ability | 16 | |
1011 total
» units
» buildings
| Crypt | 2 | |
| Altar of Darkness | 1 | |
| Ziggurat | 4 | |
| Graveyard | 1 | |
| Nerubian Tower | 1 | |
| Halls of the Dead | 1 | |
10 total
» build order
00:07 Crypt
00:12 Altar of Darkness
00:25 Ziggurat
00:59 Graveyard
01:56 Nerubian Tower
01:58 Ziggurat
02:47 Halls of the Dead
04:55 Ziggurat
05:28 Crypt
07:00 Ziggurat
observersBEAR_AND,
WWGT]Huginn Chat log
(00:08 / All) WWGT]ShakaZahn: gl/hf
(00:13 / All) WWGT]Dagda: gl hf
(00:34 / All) WWGT]ShakaZahn: if you beat me tell me who you are ok.
(00:38 / All) WWGT]ShakaZahn: i will do the same
(00:42 / All) WWGT]Dagda: sure
(00:45 / All) WWGT]ShakaZahn: aw sweet.
(08:23 / All) WWGT]ShakaZahn: gg